 Dungeon Crawl Stone Soup version 0.31-a0-232-gb1c03b2570 (webtiles) character file.

Game seed: 216342538116898908

112 qw the Shooter (level 4, -1/36 HPs)
             Began as a Minotaur Hexslinger on July 7, 2023.
             Slain by an orc
             ... wielding a +0 club
              (2 damage)
             ... on level 3 of the Dungeon.
             The game lasted 00:00:39 (1548 turns).

qw the Shooter (Minotaur Hexslinger)                Turns: 1548, Time: 00:00:40

Health: -1/36      AC:  6    Str: 13    XL:     4   Next: 63%
Magic:  4/4        EV: 11    Int: 10    God:
Gold:   123        SH:  0    Dex: 14    Spells: 4/5 levels left

rFire   . . .        a - +1 sling (heavy)
rCold   . . .        (no shield)
rNeg    . . .        f - +0 ring mail
rPois   .            (helmet restricted)
rElec   .            (no cloak)
rCorr   .            (no gloves)
SInv    .            j - +0 pair of boots
Will    .....        (no amulet)
Stlth   +            (no ring)
HPRegen 0.26/turn    (no ring)
MPRegen 0.09/turn

%: no passive effects
@: lethally poisoned (-1 -> -8)
A: horns 2, retaliatory headbutt
a: no special abilities


You were on level 3 of the Dungeon.
You visited 1 branch of the dungeon, and saw 3 of its levels.

You collected 123 gold pieces.


Innate Abilities, Weirdness & Mutations

You have a pair of horns on your head.
You reflexively headbutt those who attack you in melee.


   Skills:
 + Level 2.1 Fighting
 - Level 5.0 Ranged Weapons
 - Level 1.1 Armour
 - Level 2.1 Dodging
 - Level 1.0 Spellcasting
 - Level 2.0 Hexes


You had 4 spell levels left.
You knew the following spells:

 Your Spells              Type           Power      Damage    Failure   Level
a - Slow                  Hex            16%        N/A       32%         1

Your spell library contained the following spells:

 Spells                   Type           Power      Damage    Failure   Level
 Inner Flame              Hex/Fire       2%         N/A       82%         3
 Portal Projectile        Hex/Tloc       4%         N/A       82%         3
 Cause Fear               Hex            2%         N/A       97%         4

Inventory:

Hand Weapons
 a - a +1 heavy sling (weapon)
Armour
 f - a +0 ring mail (worn)
 j - a +0 pair of boots (worn)
Scrolls
 c - 2 scrolls of identify
Potions
 g - a potion of curing
 k - a potion of heal wounds

Dungeon Overview and Level Annotations

Branches:
Dungeon (3/15)

Altars:
Cheibriados
Qazlal

Shops:
D:1 *(=


Message History

You shoot a sling bullet. The sling bullet hits the orc.
The orc is severely wounded.
The orc hits you with a +1 heavy hand axe!
The gnoll barely misses you.
A gnoll comes into view. It is wielding a +0 flail.
You shoot a sling bullet.
The sling bullet closely misses the orc.
The gnoll shouts!
The sling bullet hits the worm!
The worm is severely wounded.
The orc closely misses you. The worm closely misses you.
The gnoll hits you with a +0 whip! The worm bites you.
You shoot a sling bullet. The sling bullet hits the orc.
You kill the orc!
The gnoll hits you with a +0 whip. The orc closely misses you.
The gnoll hits you with a +0 whip. The orc hits you with a +0 club.
The gnoll hits you from afar with a +0 halberd.
The worm closely misses you.
1546 ||| DRINKING 2 potions of heal wounds.
You feel much better.
A rat comes into view.
The orc barely misses you. The orc hits you with a +0 short sword.
The gnoll closely misses you. The gnoll completely misses you.
You shoot a sling bullet. The sling bullet hits the worm!
The worm is heavily wounded.
The gnoll hits you with a +0 whip.
The gnoll hits you from afar with a +0 halberd.
The orc hits you with a +0 short sword. The orc barely misses you.
The worm bites you but does no damage. The orc misses you.
You furiously retaliate!
You headbutt the orc. The gnoll closely misses you. You furiously retaliate!
You headbutt the gnoll. The gnoll barely misses you.
The rat twitches its whiskers.
You shoot a sling bullet. The sling bullet hits the worm.
The worm is severely wounded.
The gnoll hits you with a +0 whip.
The gnoll hits you from afar with a +0 halberd.
The gnoll hits you from afar with a +2 halberd of venom.
You are lethally poisoned!
The orc hits you with a +0 club.
You die...

####..###..
..........#.. ..#..'.#..
..........#.###.#..#.#..
..r.......#...#.'..#....
..........#._.#.'..#....
..........#...#.'..#....
.......g..#.###.#.......
.....ggo..#.....#.##....
.....ow@..#######.##....
.....gw###..............
......o #.#.......>....
...###. #...............
.. ##................. .
###.>.............
.................
..................
......###.......<.


You could see 2 worms, 4 gnolls, 3 orcs and a rat.

Vanquished Creatures
  Terence (D:3)
  A gnoll (D:1)
  An adder (D:2)
  A worm (D:2)
  4 dart slugs (D:1)
  2 orcs (D:3)
  5 endoplasms
  2 giant cockroaches
  4 hobgoblins
  4 jackals (D:1)
  4 quokkas
  3 ball pythons (D:1)
  7 bats
  3 frilled lizards
  2 goblins
  4 kobolds
  5 rats
53 creatures vanquished.

Notes
Turn   | Place    | Note
-------+----------+-------------------------------------------
     0 | D:1      | qw the Minotaur Hexslinger began the quest for the Orb.
     0 | D:1      | Reached XP level 1. HP: 16/16 MP: 1/1
     0 | D:1      | 0 ||| qw: Version: 0.3-a-46-gb1f654a
     0 | D:1      | 0 ||| qw: Game counter: 2157
     0 | D:1      | 0 ||| qw: Melee chars always use a shield: true
     0 | D:1      | 0 ||| qw: God list: Okawaru
     0 | D:1      | 0 ||| qw: Allow faded altars: false
     0 | D:1      | 0 ||| qw: Do Orc after clearing Dungeon:15 true
     0 | D:1      | 0 ||| qw: Do second Lair branch before Depths: true
     0 | D:1      | 0 ||| qw: Lair rune preference: random
     0 | D:1      | 0 ||| qw: Goals: Normal
     0 | D:1      | 0 ||| PLANNING D:1-11
    32 | D:1      | Found Nuumo's Antique Weapon Boutique.
    81 | D:1      | Found Wogemoan's Jewellery Shop.
    84 | D:1      | 84 ||| SHOPLISTING runed triple crossbow (312 gold, have
                  | 0).
    89 | D:1      | 89 ||| SHOPLISTING +4 ring of protection (432 gold, have
                  | 0).
    89 | D:1      | 89 ||| SHOPLISTING +6 ring of dexterity (432 gold, have 0).
    89 | D:1      | 89 ||| SHOPLISTING +6 ring of strength (432 gold, have 0).
    89 | D:1      | 89 ||| SHOPLISTING amulet of reflection (360 gold, have 0).
    89 | D:1      | 89 ||| SHOPLISTING ring of ice (300 gold, have 0).
    89 | D:1      | 89 ||| SHOPLISTING ring of poison resistance (240 gold,
                  | have 0).
    89 | D:1      | 89 ||| SHOPLISTING ring of positive energy (240 gold, have
                  | 0).
   112 | D:1      | Reached skill level 3 in Ranged Weapons
   194 | D:1      | Reached XP level 2. HP: 23/23 MP: 2/2
   495 | D:1      | Found Wusorph's General Store.
   499 | D:1      | 499 ||| SHOPLISTING potion of enlightenment (65 gold, have
                  | 22).
   499 | D:1      | 499 ||| SHOPLISTING scroll of teleportation (39 gold, have
                  | 22).
   506 | D:1      | Reached XP level 3. HP: 29/29 MP: 3/3
   585 | D:1      | Reached skill level 4 in Ranged Weapons
   693 | D:1      | 693 ||| UPGRADING to +0 ring mail.
   703 | D:1      | 703 ||| DROPPING +0 robe.
   704 | D:1      | 704 ||| UPGRADING to +0 pair of boots.
   709 | D:1      | 709 ||| READING scroll labelled ARIDUOMORGH.
   710 | D:1      | 710 ||| READING scroll labelled IMOTITT LYRIAF.
   711 | D:1      | 711 ||| READING scroll labelled AVVOPHIRROP.
   763 | D:1      | 763 ||| READING scroll labelled IGHOIFROAMN.
   764 | D:1      | 764 ||| DRINKING 2 fizzy golden potions.
   765 | D:1      | 765 ||| DROPPING scroll of poison.
   798 | D:2      | Reached skill level 1 in Armour
   836 | D:2      | Reached XP level 4. HP: 26/36 MP: 4/4
   907 | D:2      | Found a stormy altar of Qazlal.
  1380 | D:2      | 1380 ||| DROPPING ring of wizardry.
  1381 | D:2      | 1381 ||| READING scroll labelled GONGIM EMOMOSO.
  1382 | D:2      | 1382 ||| READING 2 scrolls labelled FYPAT DIAF.
  1383 | D:2      | 1383 ||| DRINKING 3 murky silvery potions.
  1384 | D:2      | 1384 ||| DROPPING scroll of fear.
  1468 | D:3      | Noticed Terence
  1473 | D:3      | Killed Terence
  1474 | D:3      | Reached skill level 5 in Ranged Weapons
  1531 | D:3      | Found a snail-covered altar of Cheibriados.
  1545 | D:3      | HP: 9/36 [gnoll/+0 whip (3)]
  1545 | D:3      | HP: 4/36 [gnoll/+0 halberd (2)]
  1546 | D:3      | 1546 ||| DRINKING 2 potions of heal wounds.
  1548 | D:3      | HP: 1/36 [gnoll/+2 halberd of venom (5)]
  1548 | D:3      | Slain by an orc

Levels and vault maps discovered:
D:1:      scummos_arrival_checkerplants, layout_basic, serial_shops,
          nicolae_square_shop, shop, shop, roderic_roman_lattice,
          hangedman_decor_riveting
D:2:      layout_basic, basic_altar, minivault_27
D:3:      layout_basic, mainiacjoe_overflow_alcove_4, uniq_terence

Skill      XL: |  1  2  3  4 |
---------------+-------------+-----
Ranged Weapons | 3 4 5 |  5.0
Fighting       | 2 |  2.1
Armour         | 1 |  1.1
Dodging        | |  2.1
Spellcasting   | |  1.0
Hexes          | |  2.0

Action                     |  1- 3 |  4- 6 || total
---------------------------+-------+-------++-------
   Fire: Sling             |   104 |    40 ||   144
    Use: Scroll            |     4 |     2 ||     6
         Potion            |     1 |     2 ||     3
 Armour: Robe              |     8 |       ||     8
         Ring mail         |     7 |     8 ||    15
  Dodge: Dodged            |    36 |    18 ||    54

Table legend:
 A = Non-vault XP
 B = Vault XP
 C = Vault XP percentage of total XP
 D = Non-vault monster count
 E = Vault monster count
 F = Vault count percentage of total count
                 A         B        C        D         E       F
            +---------+---------+-------+---------+---------+-------
      Total |     124 |      36 |  22.5 |      52 |       1 |   1.9
            +---------+---------+-------+---------+---------+-------
        D:1 |      68 |       0 |   0.0 |      29 |       0 |   0.0
        D:2 |      41 |       0 |   0.0 |      16 |       0 |   0.0
        D:3 |      15 |      36 |  70.6 |       7 |       1 |  12.5
            +---------+---------+-------+---------+---------+-------
